 Dungeon Crawl Stone Soup version 0.23-a0-756-g517b432 (webtiles) character file.

51 HungryMoth the Stinger (level 4, -3/30 HPs)
             Began as a Formicid Venom Mage on Jan 18, 2019.
             Slain by a worm (11 damage)
             ... on level 2 of the Dungeon.
             The game lasted 00:09:02 (1302 turns).

HungryMoth the Stinger (Formicid Venom Mage)        Turns: 1302, Time: 00:09:02

Health: -3/30      AC:  2    Str: 13    XL:     4   Next: 7%
Magic:  0/8        EV: 12    Int: 15    God:
Gold:   80         SH:  0    Dex: 11    Spells: 3/9 levels left

rFire    . . .     SeeInvis +   g - +0 short sword
rCold    . . .     Gourm    .   (no shield)
rNeg     . . .     Faith    .   a - +0 robe
rPois    .         Spirit   .   (helmet unavailable)
rElec    .         Reflect  .   (no cloak)
rCorr    .         Harm     .   (no gloves)
MR       .....                  (no boots)
Stlth    ++........             (no amulet)
HPRegen  0.10/turn              (no ring)
MPRegen  0.11/turn              (no ring)

@: no status effects
A: permanent stasis, dig shafts and tunnels, four strong arms, antennae 3
a: Dig, Shaft Self


You were on level 2 of the Dungeon.
You were hungry.

You visited 1 branch of the dungeon, and saw 2 of its levels.

You collected 80 gold pieces.

Inventory:

Hand Weapons
 g - a +0 short sword (weapon)
Armour
 a - a +0 robe (worn)
Scrolls
 d - a scroll of teleportation {unknown}
 e - a scroll of amnesia {unknown}
 f - a scroll of identify {unknown}
 h - a scroll of blinking {unknown}
Potions
 i - a potion of lignification {unknown}
 j - a potion of ambrosia {unknown}
 k - a potion of flight {unknown}
Comestibles
 b - 4 chunks of flesh
 c - 2 rations


   Skills:
 - Level 1.7 Dodging
 - Level 2.4 Stealth
 * Level 3.2 Spellcasting
 + Level 1.2 Conjurations
 + Level 5.1 Poison Magic


You had 3 spell levels left.
You knew the following spells:

 Your Spells              Type           Power        Failure   Level  Hunger
a - Sting                 Conj/Pois      ##..         5%          1    #......
b - Poisonous Vapours     Pois/Air       ##....       11%         2    ##.....
c - Mephitic Cloud        Conj/Pois/Air  #.......     24%         3    ###....

Your spell library contained the following spells:

 Spells                   Type           Power        Failure   Level  Hunger
 Olgreb's Toxic Radiance  Pois           ###.....     24%         4    #####..
 Venom Bolt               Conj/Pois      ##........   83%         5    ######.


Dungeon Overview and Level Annotations

Branches:
Dungeon (2/15)

Altars:
Trog


Innate Abilities, Weirdness & Mutations

You cannot be hasted, slowed, berserked, paralysed or teleported.
You can dig through walls and to a lower floor.
Your four strong arms can wield two-handed weapons with a shield.
You have a pair of large antennae on your head. (SInv)


Message History

The sting hits the worm.
The worm is poisoned.
The worm is lightly wounded.
You are feeling hungry.
The worm looks more healthy.
Casting: Sting (safe; 5% risk of failure)
Confirm with . or Enter, or press ? or * to list all spells.
Aiming: Sting (safe; 5% risk of failure)
Press: ? - help, Shift-Dir - straight line, f/p - worm
Aim: a worm (moderately wounded)
The sting hits the worm.
The worm is poisoned.
The worm is heavily wounded.
You hit the worm.
The worm is heavily wounded.
You barely miss the worm.
The worm is heavily wounded.
The worm barely misses you.
You hit the worm.
The worm is severely wounded.
The worm looks more healthy.
The worm bites you!
You die...

.# { #.# #.# #
#.# ##. #.# #..#
#.# #..w###
#########.#
#...###......w@>#
###..(#.#######.#
. ###.#.#....##.#
#.. #'#.#..#.##.#
#..#.#.##.#....#
#..........###
#..###...###
#########.....#
..............#


You could see a worm.

Vanquished Creatures
  An ooze (D:2)
  2 worms (D:2)
  A dart slug (D:2)
  2 leopard geckos
  5 bats (D:1)
  2 giant cockroaches
  6 goblins (D:1)
  4 hobgoblins (D:1)
  3 jackals
  2 frilled lizards (D:1)
  2 kobolds (D:1)
  6 rats (D:1)
36 creatures vanquished.

Notes
Turn   | Place    | Note
-------+----------+-------------------------------------------
     0 | D:1      | HungryMoth the Formicid Venom Mage began the quest for the
                  | Orb.
     0 | D:1      | Reached XP level 1. HP: 13/13 MP: 3/3
   196 | D:1      | Reached XP level 2. HP: 17/19 MP: 0/5
   445 | D:1      | Learned a level 2 spell: Poisonous Vapours
   446 | D:1      | Reached skill level 1 in Conjurations
   456 | D:1      | Found a bloodstained altar of Trog.
   578 | D:1      | Reached XP level 3. HP: 20/24 MP: 3/6
   606 | D:1      | Learned a level 3 spell: Mephitic Cloud
   927 | D:1      | Reached skill level 5 in Poison Magic
  1252 | D:2      | Reached XP level 4. HP: 23/30 MP: 1/8
  1302 | D:2      | Slain by a worm

Vault maps used:
D:1:      onia_arrival_mini_spirals, st_stairs_12, roderic_lattice_a,
          minmay_hexomino_r4
D:2:      minmay_razor_zed, kennysheep_generic_room_9, uniq_natasha

Skill      XL: |  1  2  3 |
---------------+----------+-----
Conjurations   | 1 |  1.2
Poison Magic   | 5 |  5.1
Spellcasting   | 3 |  3.2
Dodging        | |  1.7
Stealth        | |  2.4

Action                   |  1- 3 |  4- 6 || total
-------------------------+-------+-------++-------
Melee: Unarmed           |    18 |       ||    18
       Short sword       |    11 |    19 ||    30
 Cast: Sting             |    45 |     7 ||    52
       Poisonous Vapours |     9 |       ||     9
 Abil: Dig               |     2 |       ||     2
  Eat: Chunk             |     2 |       ||     2
Armor: Robe              |    10 |     4 ||    14
Dodge: Dodged            |    28 |    11 ||    39

Table legend:
 A = Non-vault XP
 B = Vault XP
 C = Vault XP percentage of total XP
 D = Non-vault monster count
 E = Vault monster count
 F = Vault count percentage of total count
                 A         B        C        D         E       F
            +---------+---------+-------+---------+---------+-------
      Total |      56 |      18 |  24.3 |      28 |       8 |  22.2
            +---------+---------+-------+---------+---------+-------
        D:1 |      37 |       9 |  19.6 |      24 |       5 |  17.2
        D:2 |      19 |       9 |  32.1 |       4 |       3 |  42.9
            +---------+---------+-------+---------+---------+-------
